 Dungeon Crawl Stone Soup version 0.29-a0-887-gcbe080d7e0 (webtiles) character file.

Game seed: 5799760540602075116

72 nicolae the Changer (level 3, 0/27 HPs)
             Began as a Demigod Transmuter on July 22, 2022.
             Succumbed to an orc wizard's poison
             ... on level 3 of the Dungeon.
             The game lasted 00:04:27 (4404 turns).

nicolae the Changer (Demigod Transmuter)            Turns: 4404, Time: 00:04:28

Health: 0/27       AC:  2    Str: 11    XL:     3   Next: 80%
Magic:  8/8        EV: 12    Int: 19    God:
Gold:   153        SH:  0    Dex: 14    Spells: 2/5 levels left

rFire   . . .      SeeInvis .     - Unarmed
rCold   . . .      Faith    .   (no shield)
rNeg    . . .      Spirit   .   a - +0 robe
rPois   .          Reflect  .   (helmet currently unavailable)
rElec   .          Harm     .   (no cloak)
rCorr   .          Rampage  .   (no gloves)
Will    .....                   (boots currently unavailable)
Stlth   +.........              (no amulet)
HPRegen 0.09/turn               (no ring)
MPRegen 0.11/turn               (no ring)

@: lethally poisoned (0 -> -4), appendages (expiring), attractive
A: horns 2, talons 2, high MP 1, forlorn, divine attributes
a: End Transformation


You were on level 3 of the Dungeon.
You had temporarily grown beastly horns and talons.
You visited 1 branch of the dungeon, and saw 3 of its levels.

You collected 153 gold pieces.

Inventory:

Missiles
 n - 4 boomerangs
 o - 2 poisoned darts
Armour
 a - a +0 robe (worn)
Scrolls
 b - 2 scrolls of teleportation {unknown}
 h - a scroll of poison
 i - a scroll of identify {unknown}
 k - a scroll of brand weapon {unknown}
 l - a scroll of enchant weapon {unknown}
 q - a scroll of butterflies
 r - a scroll of blinking {unknown}
Potions
 c - a potion of degeneration {unknown}
 d - a potion of might {unknown}
 e - 4 potions of attraction
 f - a potion of magic {unknown}
 g - 2 potions of haste {unknown}
 j - a potion of experience {unknown}
 m - 2 potions of flight {unknown}
 p - a potion of curing {unknown}


   Skills:
 - Level 0.8 Fighting
 - Level 1.7 Dodging
 - Level 2.6 Unarmed Combat
 - Level 1.7 Spellcasting
 + Level 4.0 Transmutations


You had 2 spell levels left.
You knew the following spells:

 Your Spells              Type           Power      Damage    Failure   Level
a - Beastly Appendage     Tmut           32%        N/A       3%          1
b - Wereblood             Tmut           16%        N/A       4%          2

Your spell library contained the following spells:

 Spells                   Type           Power      Damage    Failure   Level
 Slow                     Hex            4%         N/A       17%         1
 Spider Form              Tmut/Pois      9%         N/A       22%         3
 Confusing Touch          Hex            1%         N/A       45%         3
 Portal Projectile        Hex/Tloc       2%         N/A       45%         3
 Tukima's Dance           Hex            1%         N/A       45%         3
 Vampiric Draining        Necr           1%         2d6       45%         3
 Ice Form                 Ice/Tmut       9%         N/A       58%         4
 Blade Hands              Tmut           8%         N/A       67%         5


Dungeon Overview and Level Annotations

Branches:
Dungeon (3/15)

Shops:
D:2 ==(


Innate Abilities, Weirdness & Mutations

You have temporarily grown beastly horns and talons.
You have an increased reservoir of magic. (+10% MP)
You shall have no god before yourself.
Your divine heritage dramatically boosts your attributes as you level up.


Message History

You barely miss the orc. Your headbutt misses the orc.
You hit the orc wizard but do no damage.
You claw the orc wizard, but do no damage.
Your headbutt misses the orc wizard. The orc hits you but does no damage.
You hit the orc wizard. You claw the orc wizard. You punch the orc wizard.
The orc wizard is severely wounded.
The orc wizard gestures at you while chanting.
The puff of flame hits you. The orc hits you with a +0 short sword.
The orc closely misses you.
You hit the orc wizard but do no damage.
You headbutt the orc wizard.
The orc wizard is almost dead.
The orc wizard casts a spell.
The orc wizard flickers and vanishes!
Deactivating autopickup; reactivate with Ctrl-A.
The orc hits you with a +0 short sword.
The orc hits you from afar with a +0 trident.
The orc attacks as you move away! The orc barely misses you.
Something hits you.
You are poisoned.
You feel very sick.
You hit the orc.
The orc is moderately wounded.
You feel sick. The orc barely misses you.
An orc comes into view. It is wielding a +0 dagger.
An orc comes into view. It is wielding a +0 club.
You barely miss the orc.
The orc shouts!
You headbutt the orc.
You kill the orc!
Your transformation is almost over.
You feel sick.
A magic dart appears from out of thin air!
The magic dart hits you!
* * * LOW HITPOINT WARNING * * *
It was a potion of attraction.
You feel attractive to monsters.
* * * LOW HITPOINT WARNING * * *
You feel sick. The orc closely misses you. The orc is attracted toward you. x2
The orc attacks as you move away! The orc barely misses you.
You die...

...# .#.#.#. .#. ....# ......#
.#.# .. ..#.# .ยง..... .#.#.
(.###.#.# ......# .#.#.#
:.....#.#.# #...... .#.#.#.
...>...#.#.#.o..... .#.#.#.#
.....#.#.#)#o#.#. .#.#.#.#. #.
..#.#.#.#.#.#.#.#.#.#.#
..(#.##.#.#@#.#.#.#.#.#.#.#.
.......#.#.#.#.#.#.#.#.#.#<#
###.#.#.#.#.#.#.#.#.#.#.
.......#.#.#.#.#.#.#.#.#.#.#
############.#.#.#.#.#.#.#.#.#.#.
.......# #.#.#.#.#.#.#.#.#.#.#.#
.......# ##.#.#.#.#.#.#.#.#.#.#.
.......####.#.#.#.#.#.#)#.#.#.#.#
.......##.##.#.#.#.#<#.#.#.#.#.#.


You could see 2 orcs.

Vanquished Creatures
  An adder (D:2)
  A worm (D:3)
  2 dart slugs
  An orc (D:3)
  5 endoplasms
  2 giant cockroaches
  6 goblins
  5 hobgoblins
  4 jackals (D:3)
  2 kobolds
  5 quokkas
  3 ball pythons
  2 bats
  4 frilled lizards
  7 rats
50 creatures vanquished.

Notes
Turn   | Place    | Note
-------+----------+-------------------------------------------
     0 | D:1      | nicolae the Demigod Transmuter began the quest for the Orb.
     0 | D:1      | Reached XP level 1. HP: 15/15 MP: 5/5
   191 | D:1      | Reached skill level 2 in Transmutations
   549 | D:1      | Reached XP level 2. HP: 15/22 MP: 5/7
  1550 | D:1      | Learned a level 2 spell: Wereblood
  1701 | D:2      | Found Omistal's Jewellery Shop.
  1730 | D:2      | Reached skill level 3 in Transmutations
  2060 | D:2      | Found Ustattemug's Jewellery Shop.
  2305 | D:2      | Reached XP level 3. HP: 8/27 MP: 8/8
  2988 | D:2      | Found Gicvet's Weapon Shoppe.
  4147 | D:3      | Noticed a +0 spear
  4148 | D:3      | Noticed a +0 spear
  4149 | D:3      | Noticed a +0 dagger
  4149 | D:3      | Noticed a +0 falchion
  4157 | D:3      | Noticed a +0 dagger
  4157 | D:3      | Noticed a +0 short sword
  4158 | D:3      | Noticed a +0 short sword
  4160 | D:3      | Noticed a +0 falchion
  4223 | D:3      | Reached skill level 4 in Transmutations
  4403 | D:3      | HP: 1/27 [poisoned by an orc wizard]
  4404 | D:3      | Succumbed to an orc wizard's poison

Illustrated notes

Levels and vault maps discovered:
D:1:      sevenhm_arrival_forest_fort_large_4, layout_rooms,
          hellmonk_ecumenical_altar_zigzags, ebering_dispersal_statue_hall
D:2:      layout_basic, serial_shops, nicolae_shop_bloodbath_and_beyond,
          nicolae_diamond_shop, shop_statue, basic_altar
D:3:      layout_basic, nicolae_uskayaw_en_pointe

Skill      XL: |  1  2  3 |
---------------+----------+-----
Transmutations | 2 3 4 |  4.0
Fighting       | |  0.8
Dodging        | |  1.7
Unarmed Combat | |  2.6
Spellcasting   | |  1.7

Action                   || total
-------------------------++-------
Melee: Unarmed           ||   131
       Headbutt          ||    14
       Kick              ||    21
       Punch             ||     4
 Cast: Beastly Appendage ||    30
  Use: Potion            ||     2
       Scroll            ||     2
Armor: Robe              ||    17
       Skin              ||     4
Dodge: Dodged            ||    64

Table legend: (Time is in decaauts)
 A = Elapsed time spent in this place.
 B = Non-inter-level travel time spent in this place.
 C = Inter-level travel time spent in this place.
 D = Time resting spent in this place.
 E = Time spent auto-exploring this place.
 F = Levels seen in this place.
 G = Mean time per level.
                   A        B        C        D        E       F      G
               +--------+--------+--------+--------+--------+-----+--------+
         Total |   4396 |   4288 |    108 |   1209 |   2690 |   3 | 1465.3 |
       Dungeon |   4396 |   4288 |    108 |   1209 |   2690 |   3 | 1465.3 |
               +--------+--------+--------+--------+--------+-----+--------+

Top non-repeatable levels by time:
     D:2: 1702 daAuts
     D:1: 1615 daAuts
     D:3: 1078 daAuts
